 Dungeon Crawl Stone Soup version 0.26.0-18-gc5c842f807 (console) character file.

Game seed: 13805831354447162964

294 jejorda2 the Chopper (level 6, -7/84 HPs)
             Began as a Hill Orc Berserker on Jan 22, 2021.
             Was a Believer of Trog.
             Splashed by Ijyb's acid (12 damage)
             ... on level 4 of the Dungeon.
             The game lasted 00:04:45 (2953 turns).

jejorda2 the Chopper (Hill Orc Berserker)           Turns: 2953, Time: 00:04:49

Health: -7/84      AC:  2    Str: 22    XL:     6   Next: 34%
Magic:  6/6        EV:  7    Int:  7    God:    Trog [**....]
Gold:   113        SH:  0    Dex: 10    Spells: 5/5 levels left

rFire    . . .     SeeInvis .   a - +0 war axe
rCold    . . .     Faith    .   (no shield)
rNeg     . . .     Spirit   .   j - +0 plate armour
rPois    .         Reflect  .   n - +2 hat
rElec    .         Harm     .   (no cloak)
rCorr    .         Rampage  .   (no gloves)
Will     ++...                  (no boots)
Stlth    ..........             (no amulet)
HPRegen  1.24/turn              (no ring)
MPRegen  0.10/turn              (no ring)

@: berserking (expiring), corroded, regenerating (expiring), very quick
A: no striking features
a: Renounce Religion, Berserk, Trog's Hand


You were on level 4 of the Dungeon.
You worshipped Trog.
Trog was pleased with you.
You visited 1 branch of the dungeon, and saw 4 of its levels.

You collected 113 gold pieces.

Inventory:

Hand Weapons
 a - a +0 war axe (weapon)
Missiles
 g - 32 poisoned darts (quivered)
Armour
 j - a +0 plate armour (worn)
 n - a +2 hat (worn)
Wands
 c - a wand of disintegration (12)
Scrolls
 d - 2 scrolls of teleportation {unknown}
 e - a scroll of amnesia {unknown}
 f - 4 scrolls of identify {unknown}
 h - 2 scrolls of noise {unknown}
 o - a scroll of enchant armour {unknown}
Potions
 b - 2 potions of brilliance {unknown}
 i - a potion of might {unknown}
 k - a potion of mutation {unknown}
 l - 2 potions of degeneration {unknown}
 m - 2 potions of lignification {unknown}
 p - 2 potions of heal wounds {unknown}
 q - a potion of curing {unknown}


   Skills:
 + Level 5.0 Fighting
 * Level 6.5 Axes
 * Level 4.7 Armour
 - Level 1.5 Dodging


You had 5 spell levels left.
You didn't know any spells.
Your spell library was empty.

Dungeon Overview and Level Annotations

Branches:
Dungeon (4/15)
 Temple: D:4-7

Altars:
Ashenzari
Hepliaklqana

Annotations:
D:4 Ijyb


Message History

Ijyb is moderately wounded.
You feel the effects of Trog's Hand fading.
Ijyb hits you but does no damage.
You hit Ijyb but do no damage.
Ijyb is moderately wounded.
You closely miss Ijyb.
Ijyb is moderately wounded.
Ijyb zaps a wand.
The bolt of acid hits you! The acid corrodes you!
You are splashed with acid!
You closely miss Ijyb.
Ijyb is moderately wounded.
You slash the worker ant!
Ijyb zaps a wand.
The bolt of acid hits you! The acid corrodes you!
You are splashed with acid!
The worker ant bites you.
You closely miss Ijyb.
Ijyb is moderately wounded.
You hit the worker ant but do no damage.
Ijyb zaps a wand.
The bolt of acid hits you!!
* * * LOW HITPOINT WARNING * * *
You are splashed with acid!
You die...

... #.# #.# ..## ###
#..##.###..## #
#..........##
####..........
#.........#
#......### #....#...#
#....#)#B###.###. ..
#....#.#.@g!..... ##
#####....#.......###.
#...<.........####
#............##
############.. #..
#.# #.


You could see Ijyb and a worker ant.

Vanquished Creatures
  Duvessa (D:4)
  Dowan (D:4)
  A jelly (D:4)
  A worker ant (D:4)
  An adder (D:2)
  2 adder skeletons (D:4)
  A worm (D:2)
  2 dart slugs
  A leopard gecko (D:3)
  6 ball pythons
  3 giant cockroaches
  3 goblins (D:2)
  5 hobgoblins
  7 jackals
  13 bats
  5 frilled lizards
  8 kobolds
  8 rats
69 creatures vanquished.

Notes
Turn   | Place    | Note
-------+----------+-------------------------------------------
     0 | D:1      | jejorda2 the Hill Orc Berserker began the quest for the
                  | Orb.
     0 | D:1      | Reached XP level 1. HP: 19/19 MP: 1/1
   209 | D:1      | Reached XP level 2. HP: 27/27 MP: 2/2
   471 | D:1      | Reached XP level 3. HP: 33/33 MP: 3/3
   483 | D:1      | Reached ** piety under Trog
  1165 | D:2      | Found a hazy altar of Hepliaklqana.
  1220 | D:2      | Found a broken altar of Ashenzari.
  1221 | D:2      | You fall into a shaft and drop 2 floors!
  1235 | D:4      | Reached skill level 5 in Axes
  1235 | D:4      | Reached XP level 4. HP: 25/40 MP: 4/4
  1384 | D:4      | Noticed Dowan
  1385 | D:4      | Noticed Duvessa
  1397 | D:4      | Killed Dowan
  1399 | D:4      | Killed Duvessa
  1400 | D:4      | Reached skill level 6 in Axes
  1400 | D:4      | Reached XP level 5. HP: 15/47 MP: 5/5
  1655 | D:3      | Reached XP level 6. HP: 55/55 MP: 6/6
  2856 | D:4      | Reached skill level 5 in Fighting
  2936 | D:4      | Noticed Ijyb
  2953 | D:4      | Splashed by Ijyb's acid

Illustrated notes

Levels and vault maps discovered:
D:1:      roderic_octagonal_star, layout_basic
D:2:      layout_loops_corners, nzn_hepliaklqana_mist_gate,
          nicolae_ashenzari_panopticon
D:3:      layout_rooms
D:4:      layout_rooms, temple_hall, uniq_duvessa, uniq_grinder, uniq_ijyb,
          uniq_blork_the_orc

Skill      XL: |  1  2  3  4  5  6 |
---------------+-------------------+-----
Armour         | 3 4 |  4.7
Fighting       | 4 5 |  5.0
Axes           | 5 6 |  6.5
Dodging        | |  1.5

Action                   |  1- 3 |  4- 6 || total
-------------------------+-------+-------++-------
Melee: Hand axe          |   136 |    68 ||   204
       War axe           |       |    39 ||    39
Invok: Berserk           |       |     2 ||     2
       Trog's Hand       |       |     2 ||     2
Armor: Scale mail        |    63 |       ||    63
       Plate armour      |    11 |    57 ||    68
Dodge: Dodged            |    88 |    63 ||   151
